[ AOE2 MATCH · #471974785 ]
Team RMGoths vs Burgundians
[ REPLAY ANALYSIS · EXTRACTED FROM THE RECORDED GAME ]
Feudal
15:44
Castle
—
Imperial
—
| APM avg | 23.4 |
| APM peak | 50 |
| eAPM avg | 12.4 |
| Villagers / military | 32 / 0 |
Focus
⚔️ 13.9% · 🌾 86.1%
Fishing Ship ×12
Feudal
14:35
Castle
—
Imperial
—
| APM avg | 27.0 |
| APM peak | 47 |
| eAPM avg | 13.6 |
| Villagers / military | 33 / 7 |
Focus
⚔️ 25.5% · 🌾 74.5%
Unknown (2626) ×12 · Fire Galley ×7 · Fishing Ship ×2
Feudal
12:26
Castle
17:07
Imperial
—
| APM avg | 26.4 |
| APM peak | 63 |
| eAPM avg | 10.2 |
| Villagers / military | 27 / 1 |
Focus
⚔️ 17.5% · 🌾 82.5%
Fishing Ship ×5 · Monk ×1 · Unknown (2626) ×1
Feudal
16:43
Castle
—
Imperial
—
| APM avg | 16.7 |
| APM peak | 28 |
| eAPM avg | 11.2 |
| Villagers / military | 29 / 0 |
Focus
⚔️ 29.5% · 🌾 70.5%
Fishing Ship ×22 · Unknown (2626) ×8
Feudal
12:58
Castle
17:12
Imperial
—
| APM avg | 29.7 |
| APM peak | 58 |
| eAPM avg | 16.7 |
| Villagers / military | 30 / 7 |
Focus
⚔️ 23.1% · 🌾 76.9%
Fishing Ship ×9 · Flemish Militia ×5 · Monk ×2
Feudal
12:20
Castle
—
Imperial
—
| APM avg | 32.9 |
| APM peak | 55 |
| eAPM avg | 16.8 |
| Villagers / military | 41 / 10 |
Focus
⚔️ 36.5% · 🌾 63.5%
Unknown (2626) ×13 · Fire Galley ×10 · Fishing Ship ×6
Match map
Initial resources + every placement click. Lines = walls · curves = elevation contours. ◆ gold · ⬟ stone · ● berries · ✦ relic · ◌ wall gap
Your base· Open — unwalled flank
El Maxo's base· Open — 7t gap
S2. Batman, pero pelado's base· Open — opponent sealed themselves in
[ GG ] BetodoBrasil's base· Open — 11t gap
Toto Di Natale's base· Open — 13t gap
Bill Order's base· Open — unwalled flank
Smoothed initial terrain · ◌ = detected wall gap · hover for details
Inputs per minute
— [ GG ] Maverick - - El Maxo
Build order — [ GG ] Maverick
78 actions detected in the replay
| 0:32 | Build | Town Center |
| 1:30 | Build | Dock |
| 1:55 | Build | House |
| 3:10 | Create | Villager (Male) ×4 |
| 3:56 | Build | House |
| 4:34 | Research | Loom |
| 4:48 | Create | Fishing Ship |
| 5:04 | Create | Villager (Male) |
| 5:42 | Create | Fishing Ship |
| 5:52 | Build | House |
| 6:27 | Create | Fishing Ship |
| 6:36 | Create | Villager (Male) |
| 7:02 | Create | Fishing Ship |
| 7:22 | Create | Villager (Male) |
| 7:43 | Create | Fishing Ship |
| 7:54 | Build | House |
| 8:02 | Build | Palisade Wall |
| 8:08 | Create | Villager (Male) |
| 8:29 | Create | Fishing Ship |
| 8:35 | Create | Villager (Male) |
| 8:40 | Build | House |
| 8:50 | Build | Palisade Gate |
| 8:57 | Create | Villager (Male) |
| 9:22 | Build | Palisade Wall |
| 9:38 | Build | Lumber Camp |
| 9:49 | Create | Villager (Male) ×3 |
| 10:18 | Build | Palisade Wall |
| 10:24 | Create | Villager (Male) |
| 10:24 | Create | Villager (Male) |
| 10:25 | Create | Villager (Male) |
| 10:25 | Create | Villager (Male) |
| 10:43 | Build | Palisade Wall |
| 10:46 | Build | Palisade Wall |
| 11:16 | Create | Fishing Ship |
| 11:36 | Build | Palisade Wall |
| 11:47 | Build | Palisade Wall |
| 11:49 | Build | Palisade Wall |
| 11:51 | Create | Villager (Male) |
| 11:52 | Create | Villager (Male) |
| 11:52 | Create | Villager (Male) |
| 11:52 | Create | Villager (Male) |
| 12:08 | Build | Palisade Wall |
| 12:17 | Create | Villager (Male) |
| 12:17 | Create | Villager (Male) |
| 12:17 | Create | Villager (Male) |
| 12:18 | Create | Villager (Male) |
| 12:37 | Create | Fishing Ship |
| 12:37 | Create | Fishing Ship |
| 13:20 | Research | Feudal Age |
| 13:26 | Build | House |
| 13:33 | Build | House |
| 13:36 | Build | Palisade Wall |
| 13:47 | Create | Villager (Male) |
| 13:47 | Create | Villager (Male) |
| 13:59 | Create | Fishing Ship |
| 13:59 | Create | Fishing Ship |
| 14:24 | Build | Mining Camp |
| 14:50 | Create | Fishing Ship |
| 14:58 | Build | House |
| 15:37 | Build | House |
| 15:40 | Build | Palisade Wall |
| 15:44 | Age | Feudal Age |
| 15:48 | Research | Double-Bit Axe |
| 16:15 | Build | Palisade Wall |
| 16:22 | Create | Villager (Male) |
| 16:22 | Create | Villager (Male) |
| 16:46 | Build | Blacksmith |
| 17:16 | Build | Palisade Wall |
| 17:21 | Research | Town Watch |
| 18:02 | Build | Mill |
| 18:11 | Build | Palisade Wall |
| 18:20 | Build | Market |
| 18:49 | Research | Castle Age |
| 19:05 | Create | Villager (Male) |
| 19:05 | Create | Villager (Male) |
| 19:05 | Create | Villager (Male) |
| 19:43 | Build | Watch Tower |
| 19:46 | Build | House |
Build order — El Maxo
91 actions detected in the replay
| 0:05 | Build | Town Center |
| 1:38 | Build | House |
| 1:48 | Build | House |
| 2:24 | Create | Villager (Male) |
| 2:24 | Create | Villager (Male) |
| 2:24 | Create | Villager (Male) |
| 2:25 | Create | Villager (Male) |
| 2:40 | Build | Mill |
| 4:07 | Research | Loom |
| 4:15 | Create | Villager (Male) |
| 5:04 | Create | Villager (Male) |
| 5:29 | Create | Villager (Male) |
| 5:30 | Create | Villager (Male) |
| 6:02 | Build | House |
| 6:12 | Create | Villager (Male) |
| 6:16 | Create | Villager (Male) |
| 6:41 | Create | Villager (Male) |
| 7:44 | Create | Villager (Male) |
| 7:45 | Create | Villager (Male) |
| 7:45 | Create | Villager (Male) |
| 7:45 | Create | Villager (Male) |
| 8:10 | Build | House |
| 8:39 | Build | House |
| 9:07 | Create | Villager (Male) |
| 9:07 | Create | Villager (Male) |
| 9:07 | Create | Villager (Male) |
| 9:08 | Create | Villager (Male) |
| 9:11 | Build | Palisade Wall |
| 9:13 | Build | Palisade Wall |
| 9:26 | Build | Dock |
| 10:50 | Build | Lumber Camp |
| 11:07 | Build | Dock |
| 11:14 | Create | Villager (Male) |
| 11:32 | Build | Mining Camp |
| 11:49 | Create | Villager (Male) |
| 12:06 | Create | Fishing Ship |
| 12:07 | Create | Fishing Ship |
| 12:25 | Research | Feudal Age |
| 12:25 | Research | Feudal Age |
| 12:57 | Build | Palisade Wall |
| 13:00 | Build | Palisade Wall |
| 13:14 | Build | House |
| 13:15 | Build | House |
| 13:21 | Build | House |
| 13:51 | Build | Palisade Wall |
| 14:30 | Build | Palisade Wall |
| 14:35 | Age | Feudal Age |
| 14:36 | Create | Villager (Male) |
| 14:37 | Create | Villager (Male) |
| 14:39 | Create | Fire Galley |
| 14:39 | Create | Fire Galley |
| 14:47 | Create | Unit 2626 |
| 14:47 | Create | Unit 2626 |
| 14:55 | Build | House |
| 14:58 | Research | Double-Bit Axe |
| 15:01 | Research | Horse Collar |
| 15:05 | Build | Farm |
| 15:05 | Build | Farm |
| 15:06 | Build | Farm |
| 15:35 | Create | Unit 2626 |
| 15:36 | Create | Unit 2626 |
| 15:49 | Create | Villager (Male) |
| 16:07 | Build | Blacksmith |
| 16:10 | Build | House |
| 16:18 | Create | Unit 2626 |
| 16:19 | Create | Unit 2626 |
| 16:19 | Create | Villager (Male) |
| 16:19 | Create | Villager (Male) |
| 16:44 | Create | Unit 2626 |
| 17:07 | Create | Villager (Male) |
| 17:09 | Create | Fire Galley |
| 17:09 | Create | Fire Galley |
| 17:26 | Create | Villager (Male) |
| 17:28 | Create | Fire Galley |
| 17:28 | Create | Fire Galley |
| 18:07 | Create | Fire Galley |
| 18:07 | Create | Unit 2626 |
| 18:07 | Create | Unit 2626 |
| 18:08 | Create | Villager (Male) |
| 18:08 | Create | Villager (Male) |
| 18:08 | Create | Villager (Male) |
| 18:24 | Research | Forging |
| 18:28 | Build | House |
| 18:29 | Build | House |
| 18:30 | Build | House |
| 19:04 | Create | Unit 2626 |
| 19:05 | Create | Unit 2626 |
| 19:34 | Create | Villager (Male) |
| 19:35 | Create | Villager (Male) |
| 19:37 | Create | Unit 2626 |
| 19:40 | Build | Dock |
Build order — S2. Batman, pero pelado
60 actions detected in the replay
| 0:02 | Build | Town Center |
| 0:15 | Build | House |
| 1:42 | Build | Dock |
| 2:23 | Create | Villager (Male) |
| 2:24 | Create | Villager (Male) |
| 2:24 | Create | Villager (Male) |
| 2:24 | Create | Villager (Male) |
| 2:49 | Research | Loom |
| 3:26 | Create | Fishing Ship |
| 3:53 | Build | House |
| 4:46 | Create | Fishing Ship |
| 4:46 | Create | Fishing Ship |
| 5:15 | Create | Villager (Male) |
| 5:52 | Create | Villager (Male) |
| 5:53 | Create | Villager (Male) |
| 6:10 | Create | Villager (Male) |
| 6:10 | Create | Villager (Male) |
| 6:12 | Create | Villager (Male) |
| 6:26 | Create | Fishing Ship |
| 6:47 | Create | Villager (Male) |
| 7:04 | Build | House |
| 7:25 | Create | Villager (Male) |
| 7:25 | Create | Villager (Male) |
| 7:34 | Create | Villager (Male) |
| 7:53 | Create | Fishing Ship |
| 8:10 | Create | Villager (Male) |
| 8:11 | Create | Villager (Male) |
| 9:25 | Build | House |
| 9:35 | Build | Mill |
| 10:09 | Research | Feudal Age |
| 10:35 | Build | Mining Camp |
| 10:36 | Create | Villager (Male) |
| 10:37 | Create | Villager (Male) |
| 12:26 | Age | Feudal Age |
| 12:40 | Create | Villager (Male) |
| 12:50 | Build | Market |
| 13:05 | Research | Town Watch |
| 13:24 | Build | House |
| 13:46 | Build | Blacksmith |
| 14:27 | Research | Castle Age |
| 14:36 | Create | Unit 2626 |
| 14:45 | Build | Palisade Wall |
| 15:27 | Build | Watch Tower |
| 15:42 | Create | Villager (Male) |
| 15:42 | Create | Villager (Male) |
| 15:56 | Build | Watch Tower |
| 16:11 | Build | Watch Tower |
| 16:47 | Research | Fletching |
| 17:07 | Age | Castle Age |
| 17:46 | Create | Villager (Male) |
| 18:12 | Build | Monastery |
| 18:18 | Create | Villager (Male) |
| 18:39 | Build | Mining Camp |
| 18:42 | Create | Villager (Male) |
| 19:36 | Build | Castle |
| 19:40 | Build | House |
| 19:51 | Create | Villager (Male) |
| 19:52 | Create | Villager (Male) |
| 20:15 | Create | Villager (Male) |
| 20:37 | Create | Monk |
Build order — [ GG ] BetodoBrasil
83 actions detected in the replay
| 0:29 | Build | Town Center |
| 1:03 | Build | Dock |
| 1:05 | Build | House |
| 2:47 | Create | Villager (Male) |
| 2:48 | Create | Villager (Male) |
| 2:48 | Create | Villager (Male) |
| 2:48 | Create | Villager (Male) |
| 3:55 | Create | Villager (Male) |
| 4:19 | Create | Fishing Ship |
| 4:30 | Create | Villager (Male) |
| 4:43 | Build | House |
| 5:09 | Research | Loom |
| 5:16 | Create | Villager (Male) |
| 5:37 | Create | Fishing Ship |
| 5:41 | Create | Villager (Male) |
| 6:20 | Create | Villager (Male) |
| 6:27 | Create | Fishing Ship |
| 6:34 | Build | House |
| 6:40 | Create | Villager (Male) |
| 7:04 | Create | Fishing Ship |
| 7:28 | Build | House |
| 7:31 | Create | Villager (Male) |
| 7:46 | Create | Fishing Ship |
| 8:04 | Build | Palisade Wall |
| 8:05 | Create | Villager (Male) |
| 8:05 | Create | Villager (Male) |
| 8:06 | Create | Villager (Male) |
| 8:45 | Build | Lumber Camp |
| 8:57 | Create | Villager (Male) |
| 9:04 | Create | Villager (Male) |
| 9:04 | Create | Villager (Male) |
| 9:13 | Build | House |
| 9:38 | Build | House |
| 9:55 | Create | Fishing Ship |
| 10:11 | Build | Dock |
| 10:21 | Build | Palisade Wall |
| 10:22 | Build | Palisade Wall |
| 10:25 | Build | Palisade Wall |
| 10:26 | Build | Palisade Wall |
| 10:34 | Create | Fishing Ship |
| 10:41 | Build | House |
| 10:44 | Create | Villager (Male) |
| 10:49 | Build | House |
| 11:04 | Create | Fishing Ship ×2 |
| 11:20 | Create | Fishing Ship |
| 11:20 | Create | Fishing Ship |
| 11:21 | Create | Villager (Male) |
| 11:50 | Build | Dock |
| 11:52 | Create | Villager (Male) |
| 11:54 | Create | Fishing Ship |
| 12:25 | Create | Villager (Male) |
| 12:28 | Create | Fishing Ship |
| 12:38 | Create | Fishing Ship |
| 12:43 | Create | Fishing Ship |
| 13:19 | Build | Mining Camp |
| 13:24 | Create | Fishing Ship ×3 |
| 13:30 | Build | House |
| 13:35 | Build | House |
| 13:46 | Build | House |
| 13:50 | Build | House |
| 14:33 | Research | Feudal Age |
| 14:39 | Create | Fishing Ship ×4 |
| 14:46 | Build | House |
| 15:22 | Build | House |
| 15:25 | Build | House |
| 16:20 | Create | Villager (Male) |
| 16:20 | Create | Villager (Male) |
| 16:43 | Age | Feudal Age |
| 16:46 | Research | Tech 906 |
| 16:57 | Create | Unit 2626 ×5 |
| 16:59 | Create | Villager (Male) |
| 17:10 | Build | Mill |
| 17:13 | Build | Blacksmith |
| 17:15 | Create | Villager (Male) |
| 17:55 | Create | Unit 2626 |
| 17:57 | Create | Villager (Male) |
| 18:12 | Create | Villager (Male) |
| 18:33 | Build | Market |
| 18:37 | Create | Villager (Male) |
| 18:41 | Create | Unit 2626 |
| 19:14 | Create | Unit 2626 |
| 19:18 | Create | Villager (Male) |
| 19:20 | Research | Castle Age |
Build order — Toto Di Natale
71 actions detected in the replay
| 0:10 | Build | Town Center |
| 2:33 | Create | Villager (Male) ×4 |
| 2:34 | Create | Villager (Male) ×4 |
| 2:35 | Build | House |
| 3:28 | Build | Dock |
| 3:29 | Build | House |
| 4:13 | Create | Fishing Ship |
| 4:34 | Create | Villager (Male) |
| 4:54 | Build | House |
| 5:06 | Create | Villager (Male) |
| 5:33 | Create | Villager (Male) |
| 5:56 | Create | Fishing Ship |
| 6:01 | Create | Villager (Male) |
| 6:06 | Build | House |
| 6:33 | Create | Villager (Male) |
| 6:33 | Create | Villager (Male) |
| 6:38 | Create | Fishing Ship |
| 6:59 | Create | Villager (Male) |
| 7:19 | Create | Fishing Ship |
| 7:24 | Create | Villager (Male) |
| 7:41 | Create | Villager (Male) |
| 7:48 | Build | House |
| 7:55 | Create | Villager (Male) |
| 8:22 | Create | Villager (Male) |
| 8:31 | Create | Villager (Male) |
| 8:41 | Create | Fishing Ship |
| 8:49 | Build | Lumber Camp |
| 9:16 | Build | House |
| 9:21 | Research | Double-Bit Axe |
| 9:25 | Create | Villager (Male) |
| 9:51 | Research | Tech 906 |
| 10:08 | Research | Loom |
| 10:11 | Build | Mining Camp |
| 10:29 | Create | Fishing Ship |
| 10:48 | Research | Feudal Age |
| 10:55 | Build | Mill |
| 11:09 | Create | Fishing Ship |
| 11:10 | Create | Fishing Ship |
| 11:53 | Create | Fishing Ship |
| 12:30 | Build | Barracks |
| 12:31 | Build | House |
| 12:39 | Create | Villager (Male) |
| 12:40 | Create | Villager (Male) |
| 12:58 | Age | Feudal Age |
| 13:04 | Build | Blacksmith |
| 13:09 | Build | Market |
| 13:49 | Build | House |
| 13:57 | Create | Villager (Male) |
| 14:32 | Research | Castle Age |
| 14:45 | Create | Flemish Militia |
| 14:54 | Build | Mining Camp |
| 15:04 | Create | Flemish Militia |
| 15:26 | Research | Bow Saw |
| 15:28 | Create | Flemish Militia |
| 15:59 | Create | Flemish Militia |
| 16:23 | Create | Flemish Militia |
| 16:29 | Research | Gold Mining |
| 17:12 | Age | Castle Age |
| 17:19 | Create | Villager (Male) |
| 17:46 | Create | Villager (Male) |
| 17:53 | Build | Monastery |
| 18:11 | Create | Villager (Male) |
| 18:36 | Create | Villager (Male) |
| 18:37 | Create | Monk |
| 19:13 | Build | Castle |
| 19:18 | Research | Fletching |
| 19:19 | Create | Monk |
| 20:09 | Build | Mining Camp |
| 20:12 | Create | Villager (Male) |
| 20:31 | Create | Villager (Male) |
| 20:38 | Research | Horse Collar |
Build order — Bill Order
99 actions detected in the replay
| 0:15 | Build | Town Center |
| 0:31 | Build | Dock |
| 0:35 | Build | House |
| 2:32 | Create | Villager (Male) ×4 |
| 3:39 | Create | Fishing Ship |
| 3:48 | Create | Villager (Male) |
| 4:23 | Build | House |
| 4:38 | Create | Villager (Male) |
| 4:59 | Create | Fishing Ship |
| 5:15 | Create | Villager (Male) |
| 5:15 | Create | Villager (Male) |
| 5:44 | Create | Villager (Male) |
| 5:44 | Create | Villager (Male) |
| 5:44 | Create | Fishing Ship |
| 6:02 | Build | House |
| 6:12 | Create | Villager (Male) |
| 6:13 | Create | Villager (Male) |
| 6:28 | Create | Villager (Male) |
| 6:46 | Create | Villager (Male) |
| 6:51 | Create | Fishing Ship |
| 6:59 | Research | Loom |
| 7:21 | Create | Villager (Male) |
| 7:42 | Create | Fishing Ship |
| 7:45 | Build | House |
| 8:05 | Create | Villager (Male) |
| 8:06 | Create | Villager (Male) |
| 8:14 | Create | Fishing Ship |
| 8:30 | Create | Villager (Male) |
| 9:02 | Create | Villager (Male) |
| 9:05 | Create | Villager (Male) |
| 9:16 | Build | Lumber Camp |
| 9:19 | Build | House |
| 9:59 | Research | Feudal Age |
| 9:59 | Research | Feudal Age |
| 10:46 | Build | Dock |
| 11:04 | Create | Villager (Male) |
| 11:07 | Build | Mining Camp |
| 11:45 | Create | Villager (Male) |
| 12:20 | Age | Feudal Age |
| 12:21 | Create | Fire Galley |
| 12:22 | Create | Fire Galley |
| 12:24 | Research | Double-Bit Axe |
| 12:35 | Create | Villager (Male) |
| 12:53 | Build | House |
| 12:56 | Create | Villager (Male) |
| 13:16 | Build | Mill |
| 13:19 | Create | Fire Galley |
| 13:19 | Create | Fire Galley |
| 13:34 | Build | House |
| 13:39 | Create | Villager (Male) |
| 13:55 | Create | Villager (Male) |
| 14:09 | Create | Fire Galley |
| 14:22 | Create | Villager (Male) |
| 14:41 | Create | Fire Galley |
| 14:50 | Create | Fire Galley |
| 14:50 | Create | Villager (Male) |
| 15:05 | Create | Fire Galley |
| 15:15 | Create | Villager (Male) |
| 15:18 | Build | House |
| 15:28 | Create | Fire Galley |
| 15:37 | Build | Dock |
| 15:54 | Create | Fire Galley |
| 15:55 | Create | Villager (Male) |
| 15:59 | Build | House |
| 16:32 | Create | Unit 2626 |
| 16:33 | Create | Unit 2626 |
| 16:34 | Create | Villager (Male) |
| 16:40 | Create | Villager (Male) |
| 17:06 | Create | Villager (Male) |
| 17:17 | Create | Unit 2626 |
| 17:18 | Create | Villager (Male) |
| 17:23 | Create | Villager (Male) |
| 17:25 | Create | Unit 2626 |
| 17:42 | Create | Unit 2626 |
| 17:44 | Create | Villager (Male) |
| 17:46 | Research | Horse Collar |
| 18:11 | Create | Unit 2626 |
| 18:13 | Create | Villager (Male) |
| 18:16 | Build | Market |
| 18:19 | Create | Villager (Male) |
| 18:21 | Build | House |
| 18:30 | Create | Villager (Male) |
| 18:33 | Build | House |
| 18:46 | Create | Unit 2626 |
| 18:46 | Create | Unit 2626 |
| 18:47 | Create | Villager (Male) |
| 19:07 | Create | Unit 2626 |
| 19:07 | Create | Unit 2626 |
| 19:32 | Create | Unit 2626 |
| 19:32 | Create | Unit 2626 |
| 19:32 | Create | Unit 2626 |
| 19:35 | Create | Villager (Male) |
| 19:47 | Build | House |
| 19:53 | Build | Blacksmith |
| 20:16 | Build | Farm |
| 20:17 | Build | Farm |
| 20:17 | Build | Farm |
| 20:17 | Build | Farm |
| 20:35 | Build | House |
Match timeline
| 0:31 | Bill Order · first_building Dock |
| 1:03 | [ GG ] BetodoBrasil · first_building Dock |
| 1:30 | [ GG ] Maverick · first_building Dock |
| 1:42 | S2. Batman, pero pelado · first_building Dock |
| 3:28 | Toto Di Natale · first_building Dock |
| 8:02 | [ GG ] Maverick · wall_segment Palisade Wall x3 |
| 8:04 | [ GG ] BetodoBrasil · wall_segment Palisade Wall x13 |
| 9:11 | El Maxo · wall_segment Palisade Wall x1 |
| 9:13 | El Maxo · wall_segment Palisade Wall x1 |
| 9:22 | [ GG ] Maverick · wall_segment Palisade Wall x6 |
| 9:26 | El Maxo · first_building Dock |
| 10:18 | [ GG ] Maverick · wall_segment Palisade Wall x7 |
| 10:21 | [ GG ] BetodoBrasil · wall_segment Palisade Wall x1 |
| 10:22 | [ GG ] BetodoBrasil · wall_segment Palisade Wall x1 |
| 10:25 | [ GG ] BetodoBrasil · wall_segment Palisade Wall x1 |
| 10:26 | [ GG ] BetodoBrasil · wall_segment Palisade Wall x1 |
| 10:43 | [ GG ] Maverick · wall_segment Palisade Wall x6 |
| 10:46 | [ GG ] Maverick · wall_segment Palisade Wall x1 |
| 11:36 | [ GG ] Maverick · wall_segment Palisade Wall x2 |
| 11:47 | [ GG ] Maverick · wall_segment Palisade Wall x12 |
| 11:49 | [ GG ] Maverick · wall_segment Palisade Wall x1 |
| 12:08 | [ GG ] Maverick · wall_segment Palisade Wall x4 |
| 12:20 | Bill Order · age_up feudal |
| 12:26 | S2. Batman, pero pelado · age_up feudal |
| 12:30 | Toto Di Natale · first_building Barracks |
| 12:57 | El Maxo · wall_segment Palisade Wall x4 |
| 12:58 | Toto Di Natale · age_up feudal |
| 13:00 | El Maxo · wall_segment Palisade Wall x5 |
| 13:36 | [ GG ] Maverick · wall_segment Palisade Wall x2 |
| 13:41 | S2. Batman, pero pelado · first_market_sell 100 stone |
| 13:42 | S2. Batman, pero pelado · first_market_buy 100 wood |
| 13:51 | El Maxo · wall_segment Palisade Wall x4 |
| 14:19 | Toto Di Natale · first_market_buy 100 food |
| 14:20 | Toto Di Natale · first_market_sell 100 wood |
| 14:30 | El Maxo · wall_segment Palisade Wall x9 |
| 14:35 | El Maxo · age_up feudal |
| 14:45 | S2. Batman, pero pelado · wall_segment Palisade Wall x8 |
| 15:40 | [ GG ] Maverick · wall_segment Palisade Wall x9 |
| 15:44 | [ GG ] Maverick · age_up feudal |
| 16:15 | [ GG ] Maverick · wall_segment Palisade Wall x11 |
| 16:43 | [ GG ] BetodoBrasil · age_up feudal |
| 17:07 | S2. Batman, pero pelado · age_up castle |
| 17:12 | Toto Di Natale · age_up castle |
| 17:16 | [ GG ] Maverick · wall_segment Palisade Wall x5 |
| 17:53 | Toto Di Natale · first_building Monastery |
| 18:11 | [ GG ] Maverick · wall_segment Palisade Wall x8 |
| 18:12 | S2. Batman, pero pelado · first_building Monastery |
| 19:13 | Toto Di Natale · first_building Castle |
| 19:36 | S2. Batman, pero pelado · first_building Castle |
| 19:40 | [ GG ] BetodoBrasil · resign |
[ AI ANALYSIS · 1 CREDIT ]
What really happened in this match?
Wolo.gg analyzes every decision: build order, eco, micro, common mistakes by bracket. Personalized analysis on WhatsApp or Discord in 30 seconds.
Civ guide
Goths
Map guide
Nomad
Perfil
Jugador #878153